 Dungeon Crawl Stone Soup version 0.28.0 (webtiles) character file.

Game seed: 5774274880812130688

714 crazypyro the Chopper (level 7, -2/61 HPs)
             Began as a Minotaur Fighter on Feb 6, 2022.
             Was an Initiate of Qazlal.
             Slain by a brown ugly thing (8 damage)
             ... on level 7 of the Dungeon.
             The game lasted 00:03:55 (4438 turns).

crazypyro the Chopper (Minotaur Fighter)            Turns: 4438, Time: 00:03:56

Health: -2/61      AC:  7    Str: 22    XL:     7   Next: 41%
Magic:  6/6        EV: 10    Int:  5    God:    Qazlal [......]
Gold:   330        SH:  5    Dex: 10    Spells: 6/6 levels left

rFire   . . .      SeeInvis .   a - +0 war axe
rCold   . . .      Faith    .   c - +0 buckler
rNeg    . . .      Spirit   .   b - +0 scale mail
rPois   .          Reflect  .   (helmet restricted)
rElec   .          Harm     .   (no cloak)
rCorr   .          Rampage  .   (no gloves)
Will    .....                   (no boots)
Stlth   ..........              (no amulet)
HPRegen 0.20/turn               h - +4 ring of protection
MPRegen 0.10/turn               (no ring)

@: corroded
A: horns 2, retaliatory headbutt
a: Renounce Religion


You were on level 7 of the Dungeon.
You worshipped Qazlal.
Qazlal was noncommittal.
You visited 1 branch of the dungeon, and saw 6 of its levels.

You collected 330 gold pieces.

Inventory:

Hand Weapons
 a - a +0 war axe (weapon)
Armour
 b - a +0 scale mail (worn)
 c - a +0 buckler (worn)
Jewellery
 h - a +4 ring of protection (left hand)
Scrolls
 g - 4 scrolls of identify {unknown}
 i - 2 scrolls of noise {unknown}
 j - 2 scrolls of fear {unknown}
 k - 4 scrolls of teleportation {unknown}
 m - a scroll of holy word {unknown}
 o - a scroll of enchant weapon {unknown}
 p - a scroll of fog {unknown}
 q - a scroll of enchant armour {unknown}
Potions
 d - 2 potions of might
 e - a potion of flight {unknown}
 f - a potion of curing {unknown}
 l - a potion of ambrosia {unknown}
 n - a potion of magic {unknown}
 r - a potion of haste {unknown}


   Skills:
 - Level 5.0 Fighting
 * Level 7.6 Axes
 - Level 5.0 Armour
 - Level 2.0 Dodging
 - Level 5.0 Shields


You had 6 spell levels left.
You didn't know any spells.
Your spell library contained the following spells:

 Spells                   Type           Power      Damage    Failure   Level
 Magic Dart               Conj           0%         1d3       86%         1
 Searing Ray              Conj           0%         2d4       95%         2
 Sublimation of Blood     Necr           0%         N/A       95%         2
 Wereblood                Tmut           0%         N/A       95%         2
 Fulminant Prism          Conj/Hex       0%         3d6       100%        4
 Summon Hydra             Summ           0%         N/A       100%        7


Dungeon Overview and Level Annotations

Branches:
Dungeon (5/15)             Temple (0/1) D:7

Altars:
Dithmenos
Fedhas
Nemelex Xobeh
Qazlal
Vehumet


Innate Abilities, Weirdness & Mutations

You have a pair of horns on your head.
You reflexively headbutt those who attack you in melee.


Message History

A brown ugly thing comes into view.
There is an open door here.
There is an open door here.
You close the door.
You open the door.
A brown ugly thing is nearby!
The brown ugly thing trunk-slaps you but does no damage.
There is an open door here.
You closely miss the brown ugly thing. You headbutt the brown ugly thing!
The brown ugly thing is lightly wounded.
The brown ugly thing trunk-slaps you.
You are splashed with acid.
You slash the brown ugly thing!
The brown ugly thing is moderately wounded.
The brown ugly thing trunk-slaps you but does no damage.
You slash the brown ugly thing!
Your headbutt misses the brown ugly thing.
The brown ugly thing is heavily wounded.
The brown ugly thing closely misses you.
A cyclops comes into view.
The brown ugly thing trunk-slaps you!
You are splashed with acid!
You barely miss the brown ugly thing.
The brown ugly thing is heavily wounded.
The cyclops shouts!
The brown ugly thing trunk-slaps you!
You are splashed with acid.
You hit the brown ugly thing. You headbutt the brown ugly thing!
The brown ugly thing is severely wounded.
The brown ugly thing trunk-slaps you!
* * * LOW HITPOINT WARNING * * *
The acid corrodes you!
You are splashed with acid!
* * * LOW HITPOINT WARNING * * *
You hit the brown ugly thing.
The brown ugly thing is severely wounded.
The brown ugly thing closely misses you.
You hit the brown ugly thing but do no damage.
The brown ugly thing is severely wounded.
The brown ugly thing trunk-slaps you but does no damage.
Unknown command.
There is an open door here.
The brown ugly thing trunk-slaps you!
You die...

####......#....#....#.......#
..........#....#....#......#
..........#....#....#......#
..(....#..#...##....###'###
.......#...##########.C...#
......###.....#.....'.....#
..............#.....#.....#
....#.....#...##u####.....#
..###..>..###.##@#..(.#####
....#.....#......+....#
.................#....#
......###........#....#
.......#...#######....# .
....+..#..##..........# ..
....#.................#####...
....##+#..........####........
..................#..#.....###


You could see a brown ugly thing.

Vanquished Creatures
  Sigmund (D:2)
  An ice beast (D:7)
  A necrophage (D:7)
  2 scorpions
  A hound (D:7)
  Terence (D:2)
  2 orc wizards
  3 adders
  An adder skeleton (D:4)
  3 worms (D:2)
  3 dart slugs
  9 orcs
  7 ball pythons
  4 bats
  8 endoplasms
  5 giant cockroaches
  10 goblins
  5 hobgoblins
  3 jackals (D:2)
  10 kobolds
  7 quokkas
  5 frilled lizards
  6 rats
98 creatures vanquished.

Vanquished Creatures (others)
  A plant (D:1)
1 creature vanquished.

Grand Total: 99 creatures vanquished

Notes
Turn   | Place    | Note
-------+----------+-------------------------------------------
     0 | D:1      | crazypyro the Minotaur Fighter began the quest for the Orb.
     0 | D:1      | Reached XP level 1. HP: 19/19 MP: 0/0
   302 | D:1      | Reached XP level 2. HP: 27/27 MP: 1/1
   819 | D:1      | Reached XP level 3. HP: 32/33 MP: 2/2
   832 | D:1      | Reached skill level 3 in Axes
  1003 | D:2      | Noticed Sigmund
  1015 | D:2      | Killed Sigmund
  1016 | D:2      | Reached skill level 4 in Axes
  1016 | D:2      | Reached XP level 4. HP: 24/41 MP: 3/3
  1016 | D:2      | Reached XP level 5. HP: 28/47 MP: 4/4
  1293 | D:2      | Reached skill level 5 in Fighting
  1339 | D:2      | Reached skill level 5 in Armour
  1402 | D:2      | Reached skill level 5 in Shields
  1527 | D:2      | Noticed Terence
  1540 | D:2      | Killed Terence
  1541 | D:2      | Reached XP level 6. HP: 40/56 MP: 0/5
  1825 | D:3      | Found a shadowy altar of Dithmenos.
  1892 | D:2      | Reached skill level 1 in Dodging
  2410 | D:3      | Found a stormy altar of Qazlal.
  2427 | D:3      | Became a worshipper of Qazlal Stormbringer
  2442 | D:3      | Reached skill level 5 in Axes
  3127 | D:4      | Found a sparkling altar of Nemelex Xobeh.
  3164 | D:4      | Found a blossoming altar of Fedhas.
  3918 | D:4      | Found a radiant altar of Vehumet.
  3945 | D:5      | Entered Level 5 of the Dungeon
  3963 | D:5      | You fall into a shaft and drop 2 floors!
  4046 | D:7      | Reached skill level 6 in Axes
  4046 | D:7      | Reached XP level 7. HP: 61/61 MP: 6/6
  4121 | D:7      | Reached skill level 7 in Axes
  4228 | D:7      | Found a staircase to the Ecumenical Temple.
  4417 | D:7      | Noticed a brown ugly thing
  4429 | D:7      | Noticed a cyclops
  4438 | D:7      | Slain by a brown ugly thing

Illustrated notes

Levels and vault maps discovered:
D:1:      dpeg_arrival_boxes_within_box, layout_basic, serial_forest,
          infiniplex_forest_straight_1, infiniplex_forest_straight_2,
          infiniplex_forest_straight_4, infiniplex_forest_clump_double,
          infiniplex_forest_lined_1, infiniplex_forest_zigzag_1,
          infiniplex_forest_lined_room_, infiniplex_forest_lined_room_3,
          infiniplex_forest_lined_1, minmay_stone_trees_medium
D:2:      layout_rooms, uniq_sigmund, uniq_terence
D:3:      layout_basic, mainiacjoe_overflow_brackets,
          nicolae_qazlal_scattered_showers
D:4:      layout_basic, kennysheep_little_box,
          mainiacjoe_overflow_concentric_impassable, lemuel_tele_altar,
          chequers_arboretum
D:5:      layout_gridville, lemuel_coloured_pillars_altar,
          mainiacjoe_overflow_alcove_1, uniq_ijyb, uniq_edmund,
          uniq_blork_the_orc
D:7:      minmay_cornered_nines, layout_gridville,
          mainiacjoe_overflow_tiny_flanked, minmay_temple_entry_tees

Skill      XL: |  1  2  3  4  5  6  7 |
---------------+----------------------+-----
Armour         | 4 5 |  5.0
Fighting       | 4 5 |  5.0
Shields        | 4 5 |  5.0
Axes           | 4 6 7 |  7.6
Dodging        | 2 |  2.0

Action                   |  1- 3 |  4- 6 |  7- 9 || total
-------------------------+-------+-------+-------++-------
Melee: War axe           |    63 |   152 |    25 ||   240
       Headbutt          |     9 |    24 |     7 ||    40
Armor: Scale mail        |    36 |    78 |    11 ||   125
Dodge: Dodged            |    32 |    58 |     8 ||    98
Block: Buckler           |     9 |    32 |     7 ||    48
